AoeStats
← Mr. Snrub

Black Forest

508320591Analyzed
3v3 RM · 11d ago on Sep 21, 2026· 25m 40s· 6 players
Game mode
Random Map
Map size
Normal (6 player)
Population
200
Speed
Normal
Resources
Standard
Victory
Conquest
Starting age
Dark Age
Ending age
Imperial Age
RankedLock teamsTeams togetherTeam positionsShared explorationLock speedFull tech treeHidden civsTurbo modeCheats
Victory
Defeat
🇨🇦 Turks · Canada
1155
+18
🇨🇦 Bohemians · Canada
1155
+18
🇨🇦 Franks · Canada
1154
+18
🇨🇦 Shu · Canada
1225
-20
🇪🇸 Persians · Spain
1180
-17
🇦🇺 Huns · Australia
1173
-17
Reimalo_2
3:26 Loom
10:35 Feudal Age
15:27 Castle Age
13:59 Double-Bit Axe
19:48 Horse Collar
23:50 Heavy Plow
25:25 Husbandry
Whitebear
1:30 Loom
12:11 Feudal Age
12:58 Double-Bit Axe
17:15 Castle Age
15:12 Horse Collar
16:35 Fishing Lines
18:23 Bow Saw
21:25 Heavy Plow
22:55 Town Watch
23:14 Gillnets
23:32 Stone Mining
maharjansunil72
1:05 Loom
12:32 Feudal Age
13:42 Double-Bit Axe
16:00 Town Watch
18:52 Castle Age
16:53 Gold Mining
17:03 Stone Mining
17:29 Horse Collar
25:26 Forging
Dradis
0:32 Loom
13:38 Feudal Age
17:49 Castle Age
22:17 Imperial Age
20:52 Double-Bit Axe
20:51 Horse Collar
24:12 Padded Archer Armor
Mr. Snrub
0:26 Loom
12:22 Feudal Age
16:37 Castle Age
15:16 Double-Bit Axe
19:12 Wheelbarrow
19:22 Bow Saw
25:43 Husbandry
The Toope
0:26 Loom
11:45 Feudal Age
18:23 Castle Age
16:22 Double-Bit Axe
16:54 Horse Collar
25:12 Wheelbarrow
26:30 Bow Saw
Connection lost

Rejoining the realm…

Still unreachable

The connection could not be restored.

Session expired

The server has moved on; the page needs a fresh start.